 Dungeon Crawl Stone Soup version 0.25.1-2-g60ff931df9 (webtiles) character file.

Game seed: 5803980852686537920

650 funkygono the Covered (level 7, -10/61 HPs)
             Began as a Minotaur Fighter on Oct 25, 2020.
             Mangled by an orc warrior
             ... wielding a +0 mace
              (11 damage)
             ... on level 6 of the Dungeon.
             The game lasted 00:08:22 (4573 turns).

funkygono the Covered (Minotaur Fighter)            Turns: 4573, Time: 00:08:22

Health: -10/61     AC: 10    Str: 22    XL:     7   Next: 28%
Magic:  6/6        EV:  7    Int:  5    God:
Gold:   260        SH: 10    Dex: 10    Spells: 6/6 levels left

rFire    . . .     SeeInvis +   o - +1 whip (holy)
rCold    . . .     Gourm    .   c - +0 kite shield
rNeg     . . .     Faith    .   r - +0 chain mail
rPois    .         Spirit   .   (helmet restricted)
rElec    .         Reflect  .   (no cloak)
rCorr    .         Harm     .   (no gloves)
MR       .....                  (no boots)
Stlth    ..........             q - amulet of magic regeneration
HPRegen  0.20/turn              m - ring of see invisible
MPRegen  0.35/turn              (no ring)

@: mighty
A: retaliatory headbutt, horns 2
a: no special abilities


You were on level 6 of the Dungeon.
You were not hungry.

You visited 1 branch of the dungeon, and saw 6 of its levels.

You collected 260 gold pieces.

Inventory:

Hand Weapons
 o - a +1 whip of holy wrath (weapon)
Missiles
 e - 254 stones (quivered)
 j - 60 arrows
 l - 32 bolts
Armour
 b - a +1 scale mail
 c - a +0 kite shield (worn)
 r - a +0 chain mail (worn)
Jewellery
 m - a ring of see invisible (left hand)
 q - an amulet of magic regeneration (around neck)
Wands
 y - a wand of acid (7)
Scrolls
 h - 3 scrolls of remove curse
 k - a scroll of teleportation
 v - a scroll of magic mapping
 w - a scroll of blinking
Potions
 a - a potion of degeneration {unknown}
 g - 4 potions of curing
 i - 4 potions of flight
 n - 3 potions of lignification
 p - 3 potions of mutation
 s - a potion of brilliance {unknown}
 t - 2 potions of heal wounds
 u - a potion of resistance {unknown}
 x - a potion of magic {unknown}
Comestibles
 f - 12 rations


   Skills:
 * Level 5.5 Fighting
 + Level 5.3 Maces & Flails
 * Level 6.0 Armour
 * Level 2.7 Dodging
 + Level 5.2 Shields


You had 6 spell levels left.
You didn't know any spells.
Your spell library was empty.

Dungeon Overview and Level Annotations

Branches:
Dungeon (6/15)
 Temple: D:4-7

Altars:

Annotations:
D:6 Grinder, Maggie


Innate Abilities, Weirdness & Mutations

You reflexively headbutt those who attack you in melee.
You have a pair of horns on your head.


Message History

You block the orc warrior's attack.
Your shield and chain mail prevent you from hitting the orc warrior.
The orc warrior is severely wounded.
The orc warrior hits you with a +0 mace!
The orc priest mumbles some strange prayers to Beogh against you.
Beogh smites you!
* * * LOW HITPOINT WARNING * * *
You closely miss the orc warrior.
The orc warrior is severely wounded.
You block the orc warrior's attack.
Your chain mail prevents you from hitting the orc warrior.
The orc warrior is severely wounded.
You hit the orc warrior. You headbutt the orc warrior.
The orc warrior is almost dead.
The orc warrior hits you with a +0 mace!
* * * LOW HITPOINT WARNING * * *
You barely miss the orc warrior.
The orc warrior is almost dead.
The orc warrior hits you with a +0 mace!
You die...

.................
.................
.#+#######..........
..... #o.........
..#.## #..........
#.....###.....(....
#.#....##..........
#.#....##o#########
#......@os.#
###....##..#
#.....#..#
#.....#..#
#........#
#........#
+.....#######
#...........#
#......#....#


You could see an orc warrior, a scorpion and an orc.

Vanquished Creatures
  2 ogres
  A bullfrog zombie (D:5)
  A centaur skeleton (D:4)
  2 orc wizards
  2 orc priests
  2 hounds (D:6)
  Natasha (twice) (D:3)
  Robin (D:2)
  A gnoll (D:5)
  A howler monkey skeleton (D:4)
  5 adders
  3 oozes
  2 worms (D:3)
  2 dart slugs
  3 leopard geckos
  12 orcs
  2 ball pythons
  8 bats
  3 giant cockroaches
  9 goblins
  4 hobgoblins
  6 jackals
  11 kobolds
  2 quokkas (D:2)
  A ball python skeleton (D:2)
  3 frilled lizards
  A quokka skeleton (D:3)
  8 rats
100 creatures vanquished.

Notes
Turn   | Place    | Note
-------+----------+-------------------------------------------
     0 | D:1      | funkygono the Minotaur Fighter began the quest for the Orb.
     0 | D:1      | Reached XP level 1. HP: 19/19 MP: 0/0
   147 | D:1      | Reached XP level 2. HP: 25/27 MP: 1/1
   831 | D:2      | Reached skill level 4 in Armour
   936 | D:2      | Reached XP level 3. HP: 28/33 MP: 2/2
  1410 | D:2      | Reached XP level 4. HP: 40/40 MP: 3/3
  1550 | D:2      | Noticed Robin
  1581 | D:2      | Killed Robin
  1708 | D:2      | Reached skill level 1 in Dodging
  2231 | D:3      | Reached XP level 5. HP: 34/47 MP: 4/4
  2242 | D:3      | Reached skill level 5 in Armour
  2491 | D:3      | Noticed Natasha
  2503 | D:3      | Killed Natasha
  2901 | D:3      | Noticed Natasha
  2906 | D:3      | Killed Natasha
  3100 | D:4      | Reached XP level 6. HP: 55/55 MP: 5/5
  3277 | D:4      | Reached skill level 5 in Fighting
  3277 | D:4      | Reached skill level 5 in Shields
  3851 | D:5      | Entered Level 5 of the Dungeon
  3892 | D:5      | Reached skill level 5 in Maces & Flails
  3892 | D:5      | Reached XP level 7. HP: 45/61 MP: 6/6
  4295 | D:6      | Noticed Maggie
  4500 | D:6      | Reached skill level 6 in Armour
  4500 | D:6      | Noticed Grinder
  4572 | D:6      | HP: 1/61 [orc warrior/+0 mace (11)]
  4573 | D:6      | Mangled by an orc warrior

Illustrated notes

Levels and vault maps discovered:
D:1:      minmay_arrival_stone_box, layout_loops_corners
D:2:      layout_basic, first_ration, grunt_ministairs_1, uniq_robin
D:3:      layout_loops_ring, uniq_natasha
D:4:      layout_basic
D:5:      layout_rooms, kennysheep_dice
D:6:      layout_basic, overflow_temple_1_default,
          minmay_temple_entry_stoned_glass, serial_shops,
          nicolae_shop_waterfront, uniq_duvessa, uniq_maggie, uniq_grinder

Skill      XL: |  1  2  3  4  5  6  7 |
---------------+----------------------+-----
Shields        | 4 5 |  5.2
Armour         | 4 5 6 |  6.0
Fighting       | 4 5 |  5.5
Maces & Flails | 3 4 5 |  5.3
Dodging        | 1 2 |  2.7

Action                   |  1- 3 |  4- 6 |  7- 9 || total
-------------------------+-------+-------+-------++-------
Melee: Flail             |    89 |       |       ||    89
       Headbutt          |     7 |    37 |     9 ||    53
       Whip              |     5 |   191 |    46 ||   242
Throw: Stone             |       |     1 |       ||     1
  Use: Scroll            |     2 |    11 |     1 ||    14
       Potion            |       |       |     2 ||     2
  Eat: Chunk             |     2 |     8 |     2 ||    12
Armor: Scale mail        |    46 |    76 |     3 ||   125
       Chain mail        |       |       |     5 ||     5
Dodge: Dodged            |    34 |    44 |     6 ||    84
Block: Kite shield       |    49 |    64 |    16 ||   129
